 Dungeon Crawl Stone Soup version 0.23.0 (webtiles) character file.

Game seed: 6301217598665490805

1050 lyphon the Firebug (level 8, -3/41 HPs)
             Began as a Deep Elf Fire Elementalist on Feb 9, 2019.
             Killed from afar by Pikel (5 damage)
             ... with a wand of flame (5)
             ... on level 5 of the Dungeon.
             The game lasted 00:24:22 (5038 turns).

lyphon the Firebug (Deep Elf Fire Elementalist)     Turns: 5038, Time: 00:24:22

Health: -3/41      AC:  3    Str:  5    XL:     8   Next: 5%
Magic:  15/19      EV: 13    Int: 23    God:
Gold:   128        SH:  0    Dex: 15    Spells: 4/19 levels left

rFire    + . .     SeeInvis .   a - +2 war axe (elec)
rCold    . . .     Gourm    .   (no shield)
rNeg     . . .     Faith    .   e - +1 robe
rPois    .         Spirit   .   (no helmet)
rElec    .         Reflect  .   (no cloak)
rCorr    +         Harm     .   (no gloves)
MR       .....                  (no boots)
Stlth    ++........             m - amulet of regeneration
HPRegen  0.53/turn              u - ring of protection from fire
MPRegen  0.16/turn              w - ring of resist corrosion

@: no status effects
A: no striking features
a: no special abilities


You were on level 5 of the Dungeon.
You were not hungry.

You visited 1 branch of the dungeon, and saw 5 of its levels.

You collected 128 gold pieces.

Inventory:

Hand Weapons
 a - a +2 war axe of electrocution (weapon)
 b - a +0 hunting sling
 s - a +0 short sword
 t - a -2 quarterstaff
Missiles
 g - 83 sling bullets
 i - 237 stones (quivered)
Armour
 e - a +1 robe (worn)
Jewellery
 m - an amulet of regeneration (around neck)
 u - a ring of protection from fire (left hand)
 w - a ring of resist corrosion (right hand)
 z - the ring "Bagougodgh" {*Tele *Contam rElec rN++ Int+4}
   (You found it on level 4 of the Dungeon)

   [ring of teleportation]

   It may teleport you next to monsters.
   It affects your intelligence (+4).
   It insulates you from electricity.
   It greatly protects you from negative energy.
   It causes magical contamination when unequipped.
Scrolls
 k - a scroll of magic mapping
 n - 2 scrolls of teleportation {unknown}
 q - 2 scrolls of identify
 y - a scroll of blinking {unknown}
 B - a scroll of remove curse
 D - a scroll of enchant weapon {unknown}
Potions
 d - 2 potions of degeneration
 f - 3 potions of curing
 h - a potion of magic {unknown}
 j - a potion of mutation {unknown}
 l - a potion of cancellation {unknown}
 o - 4 potions of lignification {unknown}
 p - a potion of haste
 r - 2 potions of flight {unknown}
 v - a potion of berserk rage {unknown}
 x - a potion of might {unknown}
 C - a potion of resistance {unknown}
Comestibles
 c - 6 rations


   Skills:
 - Level 2.4 Dodging
 - Level 2.4 Stealth
 + Level 6.1 Spellcasting
 * Level 6.5 Conjurations
 * Level 7.3 Fire Magic


You had 4 spell levels left.
You knew the following spells:

 Your Spells              Type           Power        Failure   Level  Hunger
a - Flame Tongue          Conj/Fire      #####        1%          1    None
b - Throw Flame           Conj/Fire      #####.       1%          2    None
c - Conjure Flame         Conj/Fire      #####...     1%          3    #......
d - Sticky Flame          Conj/Fire      #####...     4%          4    ###....
e - Fireball              Conj/Fire      #####.....   14%         5    #####..

Your spell library contained the following spells:

 Spells                   Type           Power        Failure   Level  Hunger
 Inner Flame              Hex/Fire       ###.....     5%          3    #......


Dungeon Overview and Level Annotations

Branches:
Dungeon (5/15)
 Temple: D:4-7

Altars:

Shops:
D:5 *

Annotations:
D:5 Pikel


Message History

* * * LOW HITPOINT WARNING * * *
You see here a worker ant corpse.
Pikel zaps a wand.
The puff of flame hits you. You resist.
* * * LOW HITPOINT WARNING * * *
As you read the scroll labeled ZOIFONINE, it crumbles to dust.
You feel aware of your surroundings.
It was a scroll of magic mapping.
Pikel zaps a wand.
The puff of flame hits you. You resist.
* * * LOW HITPOINT WARNING * * *
Pikel checks his coin pouch and frowns.
Pikel zaps a wand.
The puff of flame misses you.
Pikel zaps a wand.
The puff of flame misses you.
Pikel says, "Slavery isn't that bad."
Pikel zaps a wand.
The puff of flame hits you. You resist.
* * * LOW HITPOINT WARNING * * *
Pikel zaps a wand.
The puff of flame hits you. You resist.
* * * LOW HITPOINT WARNING * * *
Pikel hits you with a +1 whip of electrocution.
* * * LOW HITPOINT WARNING * * *
Pikel zaps a wand.
The puff of flame hits you. You resist.
You die...

........................#.....+..
..............................+..
##...##.......................#≈≈
#......#...##.###......#####.##≈
##....##.......###....### #..##
##...........##.....#.# ##..#
..#..#....(........##.# ##..
#......#.........#.##.# ###
.†.......p..ppK.@...#.#
............#....#..#.#
..$.........#.####..#.#
...[..........#####...#
................†.#..#####
...##.#####....##........#♣#####
.####.# #......#..#....<.....# .#
#.# #..##...#......♣∩♣...# ,*
**,* #.####..#.#..........#


You could see Pikel and 3 slaves.

Vanquished Creatures
  Eustachio (D:5)
  Menkaure (D:4)
  An ice beast (D:5)
  A slave (D:5)
  An ogre (D:3)
  A sky beast (D:5)
  A scorpion (D:4)
  A howler monkey (D:4)
  A crimson imp (D:5)
  An orc priest (D:4)
  A hound (D:4)
  2 orc wizards (D:4)
  Natasha (D:2)
  3 worker ants
  5 adders
  2 dart slugs (D:4)
  7 worms
  3 leopard geckos
  27 orcs
  A ball python (D:2)
  3 giant cockroaches
  5 goblins
  4 hobgoblins (D:3)
  11 jackals
  6 kobolds
  A quokka (D:2)
  4 bats (D:1)
  5 frilled lizards
  A leopard gecko skeleton (D:4)
  8 rats
110 creatures vanquished.

Notes
Turn   | Place    | Note
-------+----------+-------------------------------------------
     0 | D:1      | lyphon the Deep Elf Fire Elementalist began the quest for
                  | the Orb.
     0 | D:1      | Reached XP level 1. HP: 10/10 MP: 6/6
   180 | D:1      | Reached XP level 2. HP: 15/15 MP: 6/8
   340 | D:1      | Learned a level 2 spell: Throw Flame
   713 | D:2      | Reached XP level 3. HP: 19/19 MP: 6/9
   798 | D:2      | Reached skill level 4 in Fire Magic
   808 | D:2      | Learned a level 3 spell: Conjure Flame
  1173 | D:2      | Reached XP level 4. HP: 24/24 MP: 9/11
  1372 | D:2      | Noticed Natasha
  1613 | D:2      | Killed Natasha
  2366 | D:3      | Reached XP level 5. HP: 28/28 MP: 10/13
  3092 | D:4      | Reached skill level 5 in Fire Magic
  3094 | D:4      | Noticed Menkaure
  3354 | D:4      | Reached XP level 6. HP: 32/32 MP: 11/14
  3363 | D:4      | Learned a level 5 spell: Fireball
  3602 | D:3      | Reached skill level 5 in Spellcasting
  3709 | D:4      | Reached skill level 5 in Conjurations
  3739 | D:4      | Killed Menkaure
  3739 | D:4      | Reached skill level 6 in Fire Magic
  3739 | D:4      | Reached XP level 7. HP: 13/36 MP: 11/16
  3775 | D:4      | Learned a level 4 spell: Sticky Flame
  4087 | D:4      | Got a faintly glowing pewter ring
  4088 | D:4      | Identified the ring "Bagougodgh" {*Tele *Contam rElec rN++
                  | Int+4} (You found it on level 4 of the Dungeon)
  4457 | D:5      | Entered Level 5 of the Dungeon
  4459 | D:5      | Noticed Pikel
  4509 | D:5      | Found Ciluda's General Store.
  4831 | D:5      | Noticed Eustachio
  4852 | D:5      | Killed Eustachio
  4852 | D:5      | Reached skill level 7 in Fire Magic
  4852 | D:5      | Reached XP level 8. HP: 15/41 MP: 0/19
  5034 | D:5      | HP: 2/41 [Pikel/wand of flame (6) (3)]
  5038 | D:5      | Killed from afar by Pikel

Skill      XL: |  1  2  3  4  5  6  7 |
---------------+----------------------+-----
Conjurations   | 2 3 4 5 6 |  6.5
Fire Magic     | 4 5 6 7 |  7.3
Spellcasting   | 4 5 6 |  6.1
Dodging        | |  2.4
Stealth        | |  2.4

Action                   |  1- 3 |  4- 6 |  7- 9 || total
-------------------------+-------+-------+-------++-------
Melee: Short sword       |     3 |       |       ||     3
       War axe           |       |     6 |    10 ||    16
 Fire: Hunting sling     |    27 |    11 |       ||    38
 Cast: Flame Tongue      |    58 |    94 |    43 ||   195
       Throw Flame       |     2 |    24 |     8 ||    34
       Conjure Flame     |     2 |     5 |     1 ||     8
       Fireball          |       |     2 |     1 ||     3
  Use: Scroll            |     2 |     4 |     2 ||     8
  Eat: Chunk             |       |     6 |       ||     6
       Ration            |       |     2 |     1 ||     3
Armor: Robe              |     5 |     6 |     4 ||    15
Dodge: Dodged            |    23 |    33 |    21 ||    77
